 Dungeon Crawl Stone Soup version 0.18.1-50-g88ac8fd (webtiles) character file.

12933 RTS the Fighter (level 11, -4/111 HPs)
             Began as a Minotaur Berserker on Sept 26, 2016.
             Was a High Priest of Trog.
             Killed by nerve-wracking pain
             ... invoked by an orc high priest
              (13 damage)
             ... on level 2 of the Orcish Mines.
             The game lasted 00:49:14 (10563 turns).

RTS the Fighter (Minotaur Berserker)               Turns: 10563, Time: 00:49:16

Health: -4/111     AC: 25    Str: 25    XL:     11   Next: 68%
Magic:  3/3        EV: 16    Int:  5    God:    Trog [*****.]
Gold:   722        SH:  5    Dex: 13    Spells: 0 memorised, 10 levels left

rFire  . . .     SeeInvis .     J - +4 triple sword (antimagic)
rCold  + + .     Gourm    .     a - +8 chain mail of the Prince {rPois rF+ rC+ Str+2}
rNeg   . . .     Faith    .     (shield currently unavailable)
rPois  +         Spirit   .     (helmet unavailable)
rElec  .         Dismiss  .     q - +2 cloak
rCorr  .         Reflect  +     z - +0 pair of gloves
SustAt .         Harm     .     i - +0 pair of boots
MR     .....     Clarity  +     g - +5 amulet of reflection
Stlth  ..........               K - +5 ring of evasion
                                t - ring of ice

@: exhausted, about to teleport, slowed, very slow, not resistant to hostile
enchantments, extremely unstealthy
A: retaliatory headbutt, horns 3, agile 1, clarity
a: Berserk, Trog's Hand, Brothers in Arms, Burn Spellbooks, Renounce Religion


You were on level 2 of the Orcish Mines.
You worshipped Trog.
Trog was extremely pleased with you.
You were hungry.

You visited 2 branches of the dungeon, and saw 12 of its levels.

You collected 1547 gold pieces.
You spent 825 gold pieces at shops.

Inventory:

Hand Weapons
 J - a +4 antimagic triple sword (weapon)
Armour
 a - the +8 chain mail of the Prince (worn) {rPois rF+ rC+ Str+2}
   (You found it on level 6 of the Dungeon)

   It affects your strength (+2).
   It protects you from fire.
   It protects you from cold.
   It protects you from poison.
 i - a +0 pair of boots (worn)
 q - a +2 cloak (worn)
 z - a +0 pair of gloves (worn)
Jewellery
 g - a +5 amulet of reflection (around neck)
 t - a ring of ice (left hand)
 K - a +5 ring of evasion (right hand)
Wands
 d - a wand of iceblast (10/15)
 B - a wand of paralysis (13/24)
 E - a wand of flame (33/48)
Scrolls
 e - a scroll of recharging
 h - a scroll of fear {unknown}
 n - a scroll of noise {unknown}
 o - 3 scrolls of teleportation
 s - a scroll of blinking {unknown}
 v - a scroll of fog {unknown}
 y - a scroll of remove curse
 D - 2 scrolls of enchant armour {unknown}
 H - a scroll of magic mapping {unknown}
Potions
 f - 2 potions of might
 m - 5 potions of curing
 p - a potion of brilliance
 u - 3 potions of cancellation
 w - a potion of magic
 A - a potion of agility
 F - a potion of heal wounds {unknown}
Comestibles
 b - 5 meat rations
 c - 13 bread rations
 k - 2 royal jellies
 l - 4 beef jerkies
 r - 11 slices of pizza
 x - 4 fruits
 I - 12 chunks of flesh


   Skills:
 * Level 14.6 Fighting
   Level 4.6(9.5) Axes
   Level 12.6(12.9) Polearms
 + Level 8.4 Armour
 + Level 5.9 Dodging
 - Level 2.0 Stealth


You had 10 spell levels left.
You didn't know any spells.

Dungeon Overview and Level Annotations

Branches:
Dungeon (10/15)            Temple (0/1) D:5             Orc (2/2) D:10
   Lair: D:8-11         Elf: Orc:2

Altars:
Ashenzari
Dithmenos
Elyvilon
Fedhas
Gozag
Kikubaaqudgha
Makhleb
Nemelex Xobeh
Trog
Zin
Beogh

Shops:
D:9 [   Orc:2 =}

Annotations:
D:10 1 runed door


Innate Abilities, Weirdness & Mutations

You reflexively headbutt those who attack you in melee.
You have a pair of large horns on your head.
You are agile. (Dex +2)
You possess an exceptional clarity of mind.


Message History

The hellwing misses you. The hellwing completely misses you.
You furiously retaliate!
You headbutt the hellwing!! The hellwing barely misses you.
The red devil completely misses you.
The hellwing hits you but does no damage. x2
The hellwing misses you. You furiously retaliate!
You headbutt the hellwing.
The hellwing's corpse armour sloughs away.
You block the hellwing's attack. The red devil completely misses you.
The orc high priest mumbles some strange prayers to Beogh against you.
Beogh smites you!
* * * LOW HITPOINT WARNING * * *
The hellwing completely misses you. You furiously retaliate!
You headbutt the hellwing! The hellwing closely misses you.
You see here a mace.
As you read the scroll of teleportation, it crumbles to dust.
You feel strangely unstable.
The hellwing disappears in a puff of smoke!
The red devil closely misses you.
The orc high priest invokes the aid of Beogh against you.
Pain shoots through your body!
You die...

#......#.........................
......####.........))............
#.#....##.........).).....(......
##.#..........######).###(###.###
#..........#..#∩...#..# #.# #.#
##............#....#..###.###.###
##.........#..#.[..#.............
#.............###4##.....)....###
...#.#..........@§)....8...8..# #
#.#...........###[##..........# #
##............# o4o#..###'###.###
#.............#..4.#..#.....#....
..............#..o.#..#.....#.###
#.............#∩...#..#.._..#.# #
..............######..#######.###
............... .............
.................................


You could see 2 orc high priests, a hellwing, a sixfirhy and a red devil.

Vanquished Creatures
  3 orc high priests (Orc:2)
  The ghost of RTS the Cleaver, a novice MiBe of Trog (D:8)
  2 unseen horrors
  Pikel (D:5)
  2 orc sorcerers
  A centaur skeleton (D:10)
  A spriggan (D:8)
  8 yaks (D:9)
  Menkaure (D:4)
  9 wargs (Orc:2)
  9 orc warriors
  2 black bears
  An ice beast (D:4)
  3 sky beasts
  5 ogres
  A phantom (D:6)
  A necrophage (D:8)
  4 centaurs
  6 giant frogs
  A gnoll sergeant (D:5)
  A scorpion (D:6)
  3 killer bees (D:9)
  5 wights (D:7)
  2 howler monkeys
  A crimson imp (D:2)
  3 giant frog zombies
  A quasit (D:8)
  A centaur zombie (D:7)
  Crazy Yiuf (D:7)
  4 hounds
  2 jellies (D:9)
  24 orc priests
  21 orc wizards
  3 iguanas
  7 worker ants
  A killer bee zombie (D:9)
  A worker ant zombie (D:6)
  9 adders
  13 gnolls
  3 oozes
  An adder zombie (D:3)
  An adder skeleton (D:6)
  7 worms
  2 dart slugs
  3 giant geckos
  54 orcs
  7 bats
  8 giant cockroaches
  16 hobgoblins
  16 jackals
  9 kobolds
  2 quokkas (D:8)
  4 ball pythons
  A giant cockroach zombie (D:5)
  A giant gecko zombie (D:6)
  6 giant newts
  13 goblins
  8 rats
  3 fungi (D:7)
330 creatures vanquished.

Vanquished Creatures (others)
  A slave (D:5)
  A centaur (D:10)
  A gnoll (D:5)
3 creatures vanquished.

Grand Total: 333 creatures vanquished

Notes
Turn   | Place    | Note
--------------------------------------------------------------
     0 | D:1      | RTS the Minotaur Berserker began the quest for the Orb.
     0 | D:1      | Reached XP level 1. HP: 19/19 MP: 0/0
    43 | D:1      | Reached skill level 4 in Fighting
    43 | D:1      | Reached XP level 2. HP: 26/27 MP: 1/1
   346 | D:1      | Reached XP level 3. HP: 33/34 MP: 2/2
   372 | D:1      | You fall through a shaft!
   521 | D:2      | Found a burning altar of Makhleb.
   525 | D:2      | Reached ** piety under Trog
   525 | D:2      | Reached XP level 4. HP: 39/41 MP: 3/3
   557 | D:2      | Reached skill level 5 in Fighting
  1590 | D:3      | Reached XP level 5. HP: 48/48 MP: 4/4
  1736 | D:3      | Found a shattered altar of Ashenzari.
  2030 | D:3      | Found a shadowy altar of Dithmenos.
  2335 | D:4      | Reached skill level 1 in Polearms
  2335 | D:4      | Reached skill level 1 in Stealth
  2361 | D:4      | Noticed an ice beast
  2369 | D:4      | Killed an ice beast
  2369 | D:4      | Reached skill level 6 in Fighting
  2369 | D:4      | Reached XP level 6. HP: 48/58 MP: 5/5
  2512 | D:4      | Noticed Menkaure
  2518 | D:4      | Killed Menkaure
  2518 | D:4      | Reached skill level 7 in Fighting
  3229 | D:4      | Reached *** piety under Trog
  3262 | D:4      | Reached XP level 7. HP: 66/66 MP: 6/6
  3534 | D:5      | Entered Level 5 of the Dungeon
  3823 | D:5      | Reached skill level 8 in Fighting
  3944 | D:5      | Noticed Pikel
  3963 | D:5      | Killed Pikel
  3963 | D:5      | Reached skill level 9 in Fighting
  3963 | D:5      | Reached XP level 8. HP: 70/78 MP: 7/7
  4086 | D:5      | Found a staircase to the Ecumenical Temple.
  4129 | D:5      | Reached skill level 10 in Fighting
  4210 | D:6      | Found a bloodstained altar of Trog.
  4219 | D:6      | Reached **** piety under Trog
  4225 | D:6      | Found a sparkling altar of Nemelex Xobeh.
  4661 | D:6      | Got a scorched chain mail
  4672 | D:6      | Identified the +8 chain mail of the Prince {rPois rF+ rC+ Str+2} (You found it on level 6 of the Dungeon)
  4806 | D:6      | Reached XP level 9. HP: 80/86 MP: 8/8
  5210 | D:7      | Reached skill level 11 in Fighting
  5303 | D:7      | Reached ***** piety under Trog
  5354 | D:7      | Received a gift from Trog
  5365 | D:7      | Found an opulent altar of Gozag.
  5506 | D:7      | Found a glowing silver altar of Zin.
  5716 | D:7      | Found a white marble altar of Elyvilon.
  5812 | D:7      | Noticed Crazy Yiuf
  5818 | D:7      | Killed Crazy Yiuf
  5905 | D:8      | Found an ancient bone altar of Kikubaaqudgha.
  6013 | D:8      | Noticed RTS's ghost (novice MiBe)
  6031 | D:8      | Killed RTS's ghost
  6031 | D:8      | Reached skill level 12 in Fighting
  6031 | D:8      | Reached skill level 5 in Armour
  6533 | D:8      | Reached skill level 10 in Polearms
  6533 | D:8      | Reached XP level 10. HP: 97/97 MP: 9/9
  6551 | D:9      | Found a blossoming altar of Fedhas.
  6651 | D:9      | Found an ancient bone altar of Kikubaaqudgha.
  6833 | D:9      | Found a blossoming altar of Fedhas.
  7004 | D:9      | Killed an unseen horror
  7004 | D:9      | Reached skill level 13 in Fighting
  7314 | D:9      | Found Zekit's Armour Shoppe.
  7709 | D:10     | Entered Level 10 of the Dungeon
  7942 | D:10     | Found a staircase to the Orcish Mines.
  8066 | D:10     | Gained mutation: You possess an exceptional clarity of mind. [mutagenic meat]
  8067 | D:10     | Gained mutation: You have a pair of large horns on your head. [mutagenic meat]
  8068 | D:10     | Gained mutation: You are agile. (Dex +2) [mutagenic meat]
  8142 | D:10     | Reached skill level 5 in Dodging
  8204 | D:10     | Received a gift from Trog
  8241 | D:10     | Killed an unseen horror
  8241 | D:10     | Reached XP level 11. HP: 32/108 MP: 10/10
  8815 | D:10     | Found a runed door.
  8901 | Orc:1    | Entered Level 1 of the Orcish Mines
  9123 | Orc:1    | Noticed an orc sorcerer
  9134 | Orc:1    | Killed an orc sorcerer
  9287 | Orc:2    | Entered Level 2 of the Orcish Mines
  9379 | Orc:2    | Noticed an orc sorcerer
  9381 | Orc:2    | Reached skill level 14 in Fighting
  9383 | Orc:2    | Noticed an orc high priest
  9383 | Orc:2    | Paralysed by an orc sorcerer for 2 turns
  9389 | Orc:2    | Noticed an orc high priest
  9395 | Orc:2    | Killed an orc sorcerer
  9407 | Orc:2    | Killed an orc high priest
  9554 | Orc:2    | Noticed an orc high priest
  9565 | Orc:2    | Killed an orc high priest
 10001 | Orc:2    | Killed an orc high priest
 10021 | Orc:2    | Found a roughly hewn altar of Beogh.
 10459 | Orc:2    | Received a gift from Trog
 10460 | Orc:2    | Found Sexoism's Jewellery Emporium.
 10537 | Orc:2    | Bought a +5 ring of evasion for 825 gold pieces
 10545 | Orc:2    | Found Xeuwk's Gadget Shop.
 10545 | Orc:2    | Noticed an orc high priest
 10545 | Orc:2    | Noticed an orc high priest
 10563 | Orc:2    | Killed from afar by an orc high priest

Skill      XL: |  1  2  3  4  5  6  7  8  9 10 11 |
---------------+----------------------------------+-----
Fighting       | 4 5 6 7 9 10 12 13 14 | 14.6
Axes           | 4 |  4.6
Dodging        | 3 5 |  5.9
Armour         | 3 5 7 8 |  8.4
Polearms       | 1 3 6 8 10 11 12 | 12.6
Stealth        | 1 2 |  2.0

Action                   |  1- 3 |  4- 6 |  7- 9 | 10-12 || total
-------------------------+-------+-------+-------+-------++-------
Melee: Hand axe          |    57 |     7 |       |       ||    64
       Headbutt          |    10 |    29 |    87 |    65 ||   191
       Spear             |       |   220 |   418 |    26 ||   664
       Bardiche          |       |       |       |   142 ||   142
       Demon trident     |       |       |       |   135 ||   135
       Triple sword      |       |       |       |    14 ||    14
Invok: Berserk           |       |     2 |     6 |     9 ||    17
       Burn Spellbooks   |       |       |     1 |     2 ||     3
  Use: Scroll            |       |       |    10 |     5 ||    15
       Potion            |       |       |       |     2 ||     2
  Eat: Chunk             |       |    10 |    13 |    23 ||    46
       Meat ration       |       |       |     1 |       ||     1
Armor: Animal skin       |     6 |       |       |       ||     6
       Leather armour    |     3 |       |       |       ||     3
       Chain mail        |       |    60 |   117 |   261 ||   438
Dodge: Dodged            |    45 |    55 |    61 |   175 ||   336
Block: Other             |       |    27 |    51 |    72 ||   150
       Reflection        |       |     6 |     4 |     5 ||    15
